 Dungeon Sprint DCSS version 0.30.1-11-g7821555f0a (webtiles) character file.

Game seed: 8173431106529334513

103 Heoruswealwe the Spear-Bearer (level 4, 0/45 HPs)
             Began as a Minotaur Fighter on Nov 7, 2023.
             Slain by a gnoll sergeant
             ... wielding a +2 vampiric spear
              (12 damage)
             ... in the Dungeon (Sprint IX: "|||||||||||||||||||||||||||||").
             The game lasted 00:00:36 (55 turns).

Heoruswealwe the Spear-Bearer (Minotaur Fighter)      Turns: 55, Time: 00:00:38

Health: 0/45       AC:  7    Str: 22    XL:     4   Next: 51%
Magic:  3/3        EV:  9    Int:  5    God:
Gold:   0          SH:  4    Dex: 10    Spells: 3/3 levels left

rFire   . . .        a - +0 trident
rCold   . . .        d - +0 buckler
rNeg    . . .        c - +0 scale mail
rPois   .            (helmet restricted)
rElec   .            (no cloak)
rCorr   .            (no gloves)
SInv    .            (no boots)
Will    .....        (no amulet) Stlth
                     (no ring)
HPRegen 0.27/turn    (no ring)
MPRegen 0.08/turn

%: no teleportation
@: no status effects
A: horns 2, retaliatory headbutt
a: no special abilities


You were in the Dungeon.
You visited 1 branch

Inventory:

Hand Weapons
 a - a +0 trident (weapon)
Armour
 c - a +0 scale mail (worn)
 d - a +0 buckler (worn)
Scrolls
 j - a scroll of blinking
Potions
 b - a potion of might
 e - a potion of curing
 g - a potion of haste
 i - a potion of berserk rage


   Skills:
 + Level 6.4 Fighting
 * Level 8.0 Polearms
 + Level 6.5 Armour
 - Level 3.6 Shields


You had 3 spell levels left.
You didn't know any spells.
Your spell library was empty.

Dungeon Overview and Level Annotations

Branches:
Dungeon (1/1)

Altars:


Innate Abilities, Weirdness & Mutations

You have a pair of horns on your head.
You reflexively headbutt those who attack you in melee.


Message History

* * * LOW HITPOINT WARNING * * *
You hit the orc priest.
The orc priest is severely wounded.
The orc priest closely misses you.
You closely miss the orc priest.
The orc priest is severely wounded.
The orc priest closely misses you. You furiously retaliate!
You headbutt the orc priest.
You kill the orc priest!
Your Polearms skill increases to level 8!
You feel much better.
The black bear bites you but does no damage.
The black bear claws you but does no damage.
The black bear claws you.
You closely miss the black bear. Your headbutt misses the black bear.
The black bear closely misses you. You block the black bear's attack.
The black bear claws you. The gnoll sergeant barely misses you.
You hit the black bear.
The black bear is lightly wounded.
The black bear bites you.
The black bear claws you but does no damage. x2
The gnoll sergeant hits you from afar with a +2 vampiric spear.
You barely miss the black bear.
The black bear is lightly wounded.
You closely miss the black bear.
The black bear is lightly wounded.
The black bear misses you. The black bear claws you.
The black bear closely misses you. The gnoll sergeant barely misses you.
You closely miss the black bear.
The black bear is lightly wounded.
The black bear bites you. The black bear claws you.
You block the black bear's attack. The gnoll sergeant closely misses you.
You hit the black bear.
The black bear is moderately wounded.
The black bear bites you.
The black bear claws you but does no damage.
The black bear claws you.
* * * LOW HITPOINT WARNING * * *
The gnoll sergeant hits you from afar with a +2 vampiric spear!
You die... ▓▓▓▓▓▓▓▓▓▓▓▓▓▓▓▓▓▓ ▓<.!.)....@hg....+ ▓▓▓▓▓▓▓▓▓▓▓▓▓▓▓▓▓▓

You could see a black bear and a gnoll sergeant.

Vanquished Creatures
  A scorpion (D)
  An orc priest (D)
  An adder (D)
  An endoplasm (D)
  A hobgoblin (D)
  A jackal (D)
  A kobold (D)
  A frilled lizard (D)
8 creatures vanquished.

Notes
Turn   | Place    | Note
-------+----------+-------------------------------------------
     0 | D        | Heoruswealwe the Minotaur Fighter began the quest for the
                  | Orb.
     0 | D        | Reached XP level 1. HP: 19/19 MP: 0/0
    10 | D        | Reached skill level 3 in Polearms
    30 | D        | Noticed a scorpion
    30 | D        | Noticed an orc priest
    30 | D        | Noticed a black bear
    30 | D        | Noticed a gnoll sergeant
    37 | D        | Killed a scorpion
    38 | D        | Reached skill level 5 in Fighting
    38 | D        | Reached skill level 6 in Polearms
    38 | D        | Reached skill level 5 in Armour
    38 | D        | Reached XP level 2. HP: 23/30 MP: 1/1
    38 | D        | Reached XP level 3. HP: 29/37 MP: 2/2
    44 | D        | Reached skill level 7 in Polearms
    44 | D        | Reached XP level 4. HP: 17/44 MP: 3/3
    49 | D        | Reached skill level 8 in Polearms
    55 | D        | Slain by a gnoll sergeant

Illustrated notes

Levels and vault maps discovered:
D:        linesprint [early_d, line_temple, items_1, d_10, items_2, lair_1,
          lair_end, items_3, orc_1, orc_end, items_4, d_15, swamp_1, shoals_1,
          snake_1, spider_1, d_20, vaults_1, items_5, swamp_end, shoals_end,
          snake_end, spider_end, vaults_end, d_27, items_6, zot_1, zot_end,
          crypt_end, forest_end, elf_end, slime_end, tomb_end, abyss_end,
          pan_hell_end]

Skill      XL: |  1  2  3  4 |
---------------+-------------+-----
Polearms       | 6 7 8 |  8.0
Fighting       | 5 6 |  6.4
Armour         | 5 6 |  6.5
Shields        | |  3.6

Action                     |  1- 3 |  4- 6 || total
---------------------------+-------+-------++-------
  Melee: Trident           |    32 |    11 ||    43
         Headbutt          |     4 |     1 ||     5
    Use: Potion            |       |     1 ||     1
 Armour: Scale mail        |    11 |     5 ||    16
  Dodge: Dodged            |    11 |    10 ||    21
  Block: Buckler           |     7 |     2 ||     9
